 Dungeon Crawl Stone Soup version 0.31-a0-620-gd1cbd99268 (webtiles) character file.

Game seed: 3941266688962542066

116 CowFu the Ruffian (level 4, -9/37 HPs)
             Began as a Draconian Shapeshifter on Aug 23, 2023.
             Killed from afar by an orc wizard (13 damage)
             ... with a puff of flame
             ... on level 3 of the Dungeon.
             The game lasted 00:04:09 (1347 turns).

CowFu the Ruffian (Draconian Shapeshifter)          Turns: 1347, Time: 00:04:10

Health: -9/37      AC:  5    Str: 14 (17) XL:     4   Next: 70%
Magic:  4/4        EV: 12    Int: 17 (20) God:
Gold:   51         SH:  0    Dex: 11 (13) Spells: 3/3 levels left

rFire   . . .        b - +6 sling "Impbane" {elec, Int+5}
rCold   . . .        (no shield)
rNeg    . . .        (body armour unavailable)
rPois   .            (helmet currently unavailable)
rElec   .            (cloak currently unavailable)
rCorr   .            (gloves currently unavailable)
SInv    .            (boots currently unavailable)
Will    +....        (no amulet)
Stlth   +            e - +6 ring of intelligence
HPRegen 0.26/turn    (no ring)
MPRegen 0.09/turn

%: no passive effects
@: beast-form, enlightened, flying
A: beast (slay +2), AC +5, unfitting armour, cold-blooded, sense surroundings 1
a: Begin Untransformation


You were on level 3 of the Dungeon.
You were a hulking beast.
You visited 1 branch of the dungeon, and saw 3 of its levels.

You collected 123 gold pieces.
You spent 72 gold pieces at shops.

Inventory:

Hand Weapons
 b - the +6 sling "Impbane" (weapon) {elec, Int+5}
   (You found it on level 2 of the Dungeon)

   Int+5:     It affects your intelligence (+5).
Jewellery
 e - a +6 ring of intelligence (left hand)
 q - a ring of fire
Talismans
 c - a flux talisman
 p - a beast talisman (active)
Scrolls
 f - a scroll of immolation {unknown}
 g - 2 scrolls of identify {unknown}
 i - 4 scrolls of poison {unknown}
 l - a scroll of blinking {unknown}
Potions
 a - a potion of lignification
 h - a potion of cancellation
 n - a potion of attraction {unknown}
 o - a potion of magic {unknown}


   Skills:
 + Level 2.6 Fighting
 + Level 2.7 Dodging
 + Level 3.7 Unarmed Combat
 + Level 3.6 Shapeshifting


You had 3 spell levels left.
You didn't know any spells.
Your spell library contained the following spells:

 Spells                   Type           Power      Damage    Failure   Level
 Leda's Liquefaction      Hex/Erth       0%         N/A       93%         4
 Lee's Rapid Deconstruct  Erth           0%         3d4*      100%        5
 Leda's Unmaking          Conj/Erth      0%         9d1       100%        6


Dungeon Overview and Level Annotations

Branches:
Dungeon (3/15)

Altars:

Shops:
D:1 *:?   D:2 ?


Innate Abilities, Weirdness & Mutations

You are a hulking beast.
Your limbs bulge with bestial killing power. (Slay +2)
Your plain brown scales are hard. (AC +5)
You cannot fit into any form of body armour.
You are cold-blooded and may be slowed by cold attacks.
You passively map a small area around you.


Message History

You hear some strange, mumbled words.
A magic dart appears from out of thin air!
The magic dart hits you.
* * * LOW HITPOINT WARNING * * *
It was a potion of cancellation.
You feel magically purged. Something hits you but does no damage.
The gnoll hits you from afar with a +0 spear.
* * * LOW HITPOINT WARNING * * *
It was a potion of enlightenment.
You feel very buoyant.
You fly up into the air.
Something hits you.
* * * LOW HITPOINT WARNING * * *
The gnoll hits you from afar with a +0 spear.
* * * LOW HITPOINT WARNING * * *
It was a potion of mutation.
You feel extremely strange.
You feel a strange attunement to the structure of the dungeons.
Something barely misses you.
The gnoll hits you from afar with a +0 spear.
* * * LOW HITPOINT WARNING * * *
It was a potion of heal wounds.
You feel much better. Something hits you. The gnoll closely misses you.
Something hits you.
An adder comes into view.
The adder hisses angrily.
The gnoll attacks as it pursues you! The gnoll hits you but does no damage.
Something hits you. Something hits you but does no damage. Something hits you.
You hear some strange, mumbled words.
A puff of flame appears from out of thin air!
The puff of flame hits you!
* * * LOW HITPOINT WARNING * * *
A puff of flame appears from out of thin air!
The puff of flame hits you!
* * * LOW HITPOINT WARNING * * *
An orc wizard appears from thin air!
Reactivating autopickup.
The orc wizard gestures at you while chanting.
The puff of flame hits you!
You die...

### ...############
*#...o...Sgo..#########
###g########...h.....#
#.# #.#######.# #.# #.#
#.# #o# #.# #.# #.#
#.#######.## # #{#
#.........<# ####g#
########..##
o...o###############..#
o......)..............##


You could see an orc wizard, a gnoll and an adder.

Vanquished Creatures
  Terence (D:2)
  2 adders (D:2)
  A gnoll (D:3)
  2 worms (D:2)
  2 dart slugs
  3 orcs (D:3)
  5 endoplasms
  2 giant cockroaches
  6 goblins
  5 hobgoblins
  2 quokkas (D:1)
  5 ball pythons
  6 bats
  4 frilled lizards (D:1)
  2 kobolds
  3 rats
51 creatures vanquished.

Notes
Turn   | Place    | Note
-------+----------+-------------------------------------------
     0 | D:1      | CowFu the Draconian Shapeshifter began the quest for the
                  | Orb.
     0 | D:1      | Reached XP level 1. HP: 16/16 MP: 1/1
   120 | D:1      | Reached XP level 2. HP: 23/23 MP: 2/2
   154 | D:1      | Found Heunt's Magic Scroll Boutique.
   356 | D:1      | Found Xischu's Assorted Antiques.
   371 | D:1      | Bought a scroll labelled JIF MOFAIHISERU for 19 gold pieces
   371 | D:1      | Bought 2 sapphire potions for 34 gold pieces
   371 | D:1      | Bought a scroll labelled WUFFYXTON for 19 gold pieces
   433 | D:1      | Found Veifargh's Book Shop.
   465 | D:1      | Reached XP level 3. HP: 29/29 MP: 3/3
   946 | D:2      | Reached XP level 4. HP: 34/36 MP: 4/4
   964 | D:2      | Identified the +6 sling "Impbane" {elec, Int+5}
  1017 | D:2      | Found Tomis's Magic Scroll Shoppe.
  1088 | D:2      | Noticed Terence
  1099 | D:2      | Killed Terence
  1331 | D:3      | Gained mutation: You passively map a small area around you.
                  | [potion of mutation]
  1331 | D:3      | HP: 1/37 [gnoll/+0 spear (2)]
  1347 | D:3      | Killed from afar by an orc wizard

Illustrated notes

Levels and vault maps discovered:
D:1:      psy_arrival_whirlpool, layout_rooms, serial_shops,
          nicolae_shop_tiny_glass, nicolae_shop_overgrown_old_shop,
          nicolae_shop_advertising_works [nicolae_subvault_shop_adworks],
          glass_columns_a
D:2:      layout_basic, serial_shops, nicolae_shop_rolled_up,
          serial_bayou_crossing, uniq_terence
D:3:      layout_loops_ring, kennysheep_generic_room_5

Skill      XL: |  1  2  3 |
---------------+----------+-----
Dodging        | 2 |  2.7
Fighting       | 2 |  2.6
Unarmed Combat | |  3.7
Shapeshifting  | |  3.6

Action                     |  1- 3 |  4- 6 || total
---------------------------+-------+-------++-------
  Melee: Unarmed           |    96 |    10 ||   106
         Tailslap          |    12 |     1 ||    13
         Punch             |     4 |       ||     4
   Fire: Sling             |       |    14 ||    14
    Use: Scroll            |     1 |       ||     1
         Potion            |       |     5 ||     5
   Stab: Sleeping          |     2 |       ||     2
 Armour: Skin              |    28 |     5 ||    33
  Dodge: Dodged            |    45 |     7 ||    52

Table legend: (Time is in decaauts)
 A = Elapsed time spent in this place.
 B = Non-inter-level travel time spent in this place.
 C = Inter-level travel time spent in this place.
 D = Time resting spent in this place.
 E = Time spent auto-exploring this place.
 F = Levels seen in this place.
 G = Mean time per level.
                   A        B        C        D        E       F      G
               +--------+--------+--------+--------+--------+-----+--------+
         Total |   1355 |   1284 |     71 |      0 |    962 |   3 |  451.7 |
       Dungeon |   1355 |   1284 |     71 |      0 |    962 |   3 |  451.7 |
               +--------+--------+--------+--------+--------+-----+--------+

Top non-repeatable levels by time:
     D:2: 639 daAuts
     D:1: 615 daAuts
     D:3: 100 daAuts
